Map: Overgrowth LE (Void)

Players

Charles - Winner!

  • Race: Zerg Zerg
  • League: Diamond
  • Spawn Location: 1:00

HENTAInoko

  • Race: Terran Terran
  • League: Diamond
  • Spawn Location: 7:00

VOD

Have the link to the VOD?

Description

Time

  • Played on: Jan. 10, 2017, 4:57 p.m.
  • Length: 13:28
Show
View Real Time Build Order
Export as new Build Order

Charles Zerg - Winner!

Build Orders: Hatch First 

Get SALT Encoding   

  12  0:01  Drone  
  13  0:13  Overlord  
  13  0:17  Drone  
  14  0:31  Drone x2  
  16  0:36  Drone  
  17  0:54  Hatchery  
  16  0:58  Drone  
  16  1:01  Extractor  
  16  1:10  Drone  
  18  1:16  Spawning Pool  
  16  1:18  Drone  
  17  1:29  Drone  
  19  1:40  Drone  
  19  1:50  Overlord  
  19  2:01  Drone  
  19  2:02  Queen  
  19  2:04  Metabolic Boost  
  19  2:06  Queen  
  24  2:09  Zergling x2  
  25  2:18  Drone  
  25  2:19  Drone  
  27  2:24  Baneling Nest  
  27  2:26  Drone  
  27  2:35  Zergling x4  
  29  2:41  Drone  
  28  2:44  Drone  
  29  2:55  Queen  
  32  2:58  Drone x2  
  33  3:23  Drone x2  
  34  3:27  Drone x2, Hatchery  
  35  3:39  Roach Warren, Overlord  
  35  3:40  Overlord  
  33  3:58  Drone x3  
  33  3:59  Drone x3  
  33  4:00  Drone x2  
  40  4:21  Roach  
  40  4:22  Roach x3  
  48  4:30  Roach  
  50  4:33  Overlord x3  
  52  4:45  Roach  
  52  4:46  Roach x2  
  52  4:52  Roach x2  
  62  4:53  Roach x2  
  64  5:00  Drone x4  
  64  5:01  Drone x3  
  71  5:08  Drone x2  
  73  5:17  Evolution Chamber  
  73  5:18  Evolution Chamber, Lair  
  73  5:20  Extractor, Drone x3  
  73  5:27  Overlord x2  
  73  5:39  Drone  
  73  5:40  Drone  
  75  5:42  Extractor  
  75  5:43  Drone x3, Zerg Missile Weapons Level 1  
  75  5:44  Extractor, Drone x2  
  78  5:53  Drone x3  
  78  5:54  Drone x3  
  84  5:57  Spine Crawler  
  83  6:06  Zerg Ground Armor Level 1  
  83  6:16  Hatchery  
  82  6:22  Infestation Pit  
  81  6:27  Drone  
  81  6:28  Drone x5  
  81  6:29  Drone x6  
  81  6:30  Drone  
  94  6:32  Extractor  
  94  6:33  Extractor  
  92  6:47  Glial Reconstitution  
  92  6:56  Hydralisk Den  
  92  6:57  Overlord x2  
  91  7:03  Hive  
  91  7:18  Roach  
  91  7:19  Roach x6  
  105  7:23  Ravager  
  105  7:25  Overlord x3  
  105  7:26  Overlord  
  105  7:28  Overlord x2  
  106  7:31  Lurker Den  
  106  7:37  Roach  
  106  7:38  Roach x2  
  106  7:44  Roach x6  
  115  8:10  Drone  
  115  8:11  Drone x3  
  118  8:16  Viper x2  
  118  8:17  Viper  
  127  8:21  Drone  
  127  8:22  Drone x6  
  127  8:23  Drone  
  135  8:34  Roach x2  
  135  8:35  Roach x6  
  135  8:36  Roach  
  153  8:41  Hatchery  
  153  8:43  Roach  
  153  8:44  Roach x3  
  153  8:46  Overlord x3  
  160  8:53  Zerg Missile Weapons Level 2  
  160  9:00  Overlord x3  
  160  9:10  Ravager x3  
  160  9:13  Ravager  
  144  9:33  Roach x4  
  144  9:34  Roach x8  
  137  10:17  Roach  
  137  10:18  Roach x14  
  137  10:19  Roach x3  
  124  10:41  Drone x2  
  124  10:42  Drone x4  
  127  10:44  Extractor  
  127  10:45  Extractor  
  121  10:58  Hatchery  
  120  11:09  Drone  
  120  11:10  Drone x3  
  124  11:12  Zerg Ground Armor Level 2  
  124  11:14  Hydralisk x2  
  124  11:15  Hydralisk x4  
  136  11:26  Spine Crawler  
  136  11:27  Ravager, Spore Crawler  
  136  11:29  Zergling x2  
  136  11:30  Zergling x10  
  141  11:34  Overlord  
  141  11:39  Drone x2  
  144  11:40  Drone  
  144  11:53  Drone x4  
  148  11:58  Ravager x4  
  148  11:59  Ravager  
  147  12:13  Hatchery  
  142  12:16  Hydralisk  
  142  12:17  Hydralisk x6  
  123  12:53  Hydralisk x6, Roach  
  123  12:54  Roach x5  
  140  13:06  Roach x4  
Show
View Real Time Build Order
Export as new Build Order

HENTAInoko Terran 

Build Orders: Mech 

Get SALT Encoding   

  12  0:01  SCV  
  13  0:13  SCV  
  14  0:19  Supply Depot  
  14  0:25  SCV  
  15  0:31  Refinery  
  15  0:41  SCV  
  16  0:46  Barracks  
  16  0:53  SCV  
  17  1:05  SCV  
  18  1:16  Refinery  
  18  1:19  SCV  
  19  1:31  SCV  
  20  1:34  Supply Depot  
  20  1:35  Reaper  
  21  1:45  Orbital Command  
  21  1:52  Factory  
  21  2:13  SCV, Barracks Tech Lab  
  21  2:15  Factory  
  22  2:20  Supply Depot  
  22  2:25  SCV  
  23  2:38  SCV  
  24  2:50  SCV  
  25  3:02  SCV  
  25  3:03  Barracks Reactor  
  25  3:05  Command Center, Infernal Pre-Igniter  
  28  3:12  Hellion  
  28  3:22  SCV  
  28  3:24  Factory Reactor  
  29  3:34  Hellion  
  30  3:38  SCV  
  30  3:56  Hellion x2  
  30  3:59  SCV  
  35  4:08  Starport  
  35  4:12  SCV  
  36  4:19  Armory  
  36  4:21  Engineering Bay  
  36  4:24  SCV  
  37  4:28  Hellion x2  
  41  4:34  Orbital Command  
  41  4:36  SCV  
  42  4:42  Siege Tank  
  45  4:48  SCV  
  46  4:53  Starport Reactor  
  46  4:55  Hellion  
  46  4:56  Hellion  
  50  5:09  Barracks Tech Lab  
  50  5:14  Siege Tank  
  50  5:15  Factory  
  53  5:21  Supply Depot x2  
  53  5:38  SCV  
  54  5:43  SCV, Medivac x2  
  54  5:44  Supply Depot, Terran Vehicle Weapons Level 1  
  54  5:48  Supply Depot  
  59  5:50  SCV  
  60  5:57  Refinery  
  60  5:59  SCV, Refinery  
  61  6:05  SCV  
  62  6:13  Viking  
  62  6:18  Medivac  
  66  6:19  SCV x2  
  66  6:23  Hellion x2  
  66  6:24  Hellion  
  74  6:31  SCV  
  74  6:32  SCV  
  76  6:33  Hellion  
  76  6:37  Hellion x7  
  76  6:42  Medivac  
  76  6:43  SCV  
  76  6:44  SCV  
  80  7:15  Command Center  
  80  7:16  Siege Tank x2  
  80  7:19  Hellion x2  
  90  7:26  SCV x2  
  92  7:30  Medivac  
  92  7:33  Barracks Tech Lab, Factory  
  94  7:44  SCV x2, Hellion x2, Medivac  
  102  8:07  Hellion  
  102  8:09  SCV x2  
  102  8:11  Siege Tank  
  101  8:22  SCV  
  102  8:27  SCV, Hellion x2  
  102  8:28  Hellion  
  102  8:32  Orbital Command  
  109  8:43  Siege Tank  
  109  8:48  Medivac x2  
  114  8:52  Barracks Tech Lab  
  116  8:58  Siege Tank  
  116  8:59  Hellion x3  
  125  9:19  Medivac  
  125  9:21  Hellion  
  125  9:22  Siege Tank  
  118  9:30  Siege Tank  
  104  9:37  Hellion x2  
  108  9:42  Hellion  
  107  9:54  Hellion  
  107  9:58  Hellion  
  107  9:59  Hellion  
  86  10:33  Siege Tank  
  86  10:44  Hellion x6  
  86  11:12  Supply Depot x2  
  86  11:13  Supply Depot  
  86  11:15  Supply Depot, Command Center  
  86  11:33  Siege Tank, SCV, Hellion x2  
  86  11:34  Siege Tank, SCV, Viking x2  
  102  11:45  Starport  
  102  11:46  SCV  
  102  11:47  Command Center  
  103  11:49  Command Center  
  103  11:55  Hellion x2  
  107  12:02  Factory  
  107  12:04  Viking x2  
  107  12:05  Siege Tank  
  107  12:06  Siege Tank  
  114  12:28  Hellion x2  
  114  12:29  SCV x2  
  118  12:36  Starport Reactor  
  118  12:37  Siege Tank  
  118  12:38  Siege Tank, Viking  
  117  12:50  Hellion  
Tags
 
Composition
Mech
Matchup
TvZ
Replay Pack
All Mines
Spawn Locations
Cross Positions
Add a new tag
Caveats
  • Supply blocks, unpowered buildings, or Contaminate may cause inaccurate times.
  • Supply counts are checked every 10 seconds.